 Seeded DCSS version 0.29.1-15-g9cfb28693d (webtiles) character file.

Game seed: 16245865983455551772 (custom seed)

168 Darius099 the Sneak (level 5, -1/36 HPs)
             Began as an Octopode Brigand on Mar 19, 2023.
             Slain by an orc wizard
             ... wielding a +0 dagger
              (2 damage)
             ... on level 3 of the Dungeon.
             The game lasted 00:05:17 (2096 turns).

Darius099 the Sneak (Octopode Brigand)              Turns: 2096, Time: 00:05:18

Health: -1/36      AC:  1    Str: 11    XL:     5   Next: 48%
Magic:  5/5        EV: 12    Int: 25    God:
Gold:   1285       SH:  0    Dex: 15    Spells: 4/4 levels left

rFire   . . .      SeeInvis .   a - +2 dagger
rCold   . . .      Faith    .   (no shield)
rNeg    . . .      Spirit   .   (helmet restricted)
rPois   .          Reflect  .   (no amulet)
rElec   .          Harm     .   h - +6 ring of intelligence
rCorr   .          Rampage  .   i - +6 ring of intelligence
Will    .....                   (no ring)
Stlth   ++++......              (no ring)
HPRegen 0.12/turn               (no ring)
MPRegen 0.09/turn               (no ring)
                                (no ring)
                                (no ring)

@: no status effects
A: almost no armour, amphibious, 8 rings, camouflage 1, gelatinous body 1,
(nimble swimmer 1), tentacles
a: no special abilities


You were on level 3 of the Dungeon.
You visited 1 branch of the dungeon, and saw 3 of its levels.

You collected 1285 gold pieces.

Inventory:

Hand Weapons
 a - a +2 dagger (weapon)
Missiles
 b - 11 poisoned darts (quivered)
 c - 3 curare-tipped darts
Jewellery
 h - a +6 ring of intelligence (left tentacle)
 i - a +6 ring of intelligence (right tentacle)
Wands
 o - a wand of roots (4)
Scrolls
 d - 2 scrolls of acquirement
 g - 2 scrolls of teleportation {unknown}
 k - a scroll of summoning {unknown}
 l - a scroll of enchant weapon {unknown}
 m - 2 scrolls of identify {unknown}
 n - a scroll of immolation {unknown}
 p - a scroll of noise {unknown}
Potions
 e - a potion of might {unknown}
 f - 2 potions of flight {unknown}
 j - a potion of lignification {unknown}


   Skills:
 + Level 3.5 Fighting
 + Level 3.5 Short Blades
 - Level 2.0 Throwing
 - Level 1.0 Dodging
 + Level 6.8 Stealth


You had 4 spell levels left.
You didn't know any spells.
Your spell library contained the following spells:

 Spells                   Type           Power      Damage    Failure   Level
 Sting                    Tmut/Pois      0%         1d3       14%         1
 Poisonous Vapours        Pois/Air       0%         N/A       21%         2
 Olgreb's Toxic Radiance  Pois           0%         N/A       80%         4
 Chain Lightning          Conj/Air       0%         N/A       100%        9
 Fire Storm               Conj/Fire      0%         5d1       100%        9
 Shatter                  Erth           0%         3d5*      100%        9


Dungeon Overview and Level Annotations

Branches:
Dungeon (3/15)

Altars:

Shops:
D:3 [


Innate Abilities, Weirdness & Mutations

You cannot wear most types of armour.
You are amphibious.
You can wear up to eight rings at the same time.
Your skin changes colour to match your surroundings (Stealth+).
Your rubbery body absorbs attacks. (AC +1, EV +1)
((You are camouflaged when in or above water. (Stealth+)))
You have tentacles for arms and can constrict up to eight enemies at once.


Message History

You are frozen.
You hit the endoplasm.
The endoplasm is moderately wounded.
The endoplasm closely misses you.
The orc priest invokes the aid of Beogh against you.
Beogh smites you!
* * * LOW HITPOINT WARNING * * *
You hit the endoplasm but do no damage. You squeeze the endoplasm.
You kill the endoplasm!
The orc priest casts a cantrip, but nothing happens.
You barely miss the orc. You grab the orc.
You constrict the orc, but do no damage.
You hit the orc.
The orc is lightly wounded.
You constrict the orc.
The orc struggles to escape constriction.
The orc priest casts a cantrip, but nothing happens.
You hit the orc but do no damage.
The orc is moderately wounded.
You constrict the orc. The orc hits you with a +0 dagger.
* * * LOW HITPOINT WARNING * * *
You hit the orc.
You kill the orc!
You barely miss the orc priest. Your grab misses the orc priest.
You hit the orc priest. You grab the orc priest. You squeeze the orc priest!
The orc priest is severely wounded.
You constrict the orc priest.
The orc priest mumbles some strange prayers to Beogh against you.
Pain shoots through your body!
* * * LOW HITPOINT WARNING * * *
You hit the orc priest. You squeeze the orc priest.
You kill the orc priest!
You see here a +0 dagger.
An orc is nearby!
Okay, then.
You closely miss the orc. Your grab misses the orc.
Your squeeze misses the orc.
An orc comes into view. It is wielding a +0 dagger.
Something hits you.
You die...

....... #.#
#..o#.## #.#
#{#...# #.#
∩..J.# #.# ..#
#...# #.#
.#...#))#######.#
.........o.oo.o>#
.#.############{#
......†o@#
########.# #.#
#.# ###
####'##### ..#
#........# ..#
#........# ..#
#.[......# .# ..#
#.†......####.#


You could see 2 orcs.

Vanquished Creatures
  An orc priest (D:3)
  Jessica (D:2)
  An orc wizard (D:3)
  Natasha (D:3)
  2 adders
  3 orcs (D:3)
  3 ball pythons
  2 bats
  5 endoplasms
  2 goblins (D:1)
  6 hobgoblins
  3 kobolds
  3 quokkas (D:1)
  2 frilled lizards
  6 rats
41 creatures vanquished.

Notes
Turn   | Place    | Note
-------+----------+-------------------------------------------
     0 | D:1      | Darius099 the Octopode Brigand began the quest for the Orb.
     0 | D:1      | Reached XP level 1. HP: 14/14 MP: 1/1
   234 | D:1      | Reached XP level 2. HP: 19/19 MP: 2/2
   299 | D:1      | Found a faded altar of an unknown god.
  1058 | D:1      | Reached XP level 3. HP: 25/25 MP: 3/3
  1071 | D:1      | Identified 3 scrolls of acquirement
  1071 | D:1      | Acquired 1147 gold pieces
  1738 | D:2      | Noticed Jessica
  1742 | D:2      | Killed Jessica
  1743 | D:2      | Reached skill level 6 in Stealth
  1743 | D:2      | Reached XP level 4. HP: 30/30 MP: 4/4
  1925 | D:3      | Noticed Natasha
  1932 | D:3      | Killed Natasha
  2055 | D:3      | Found Ymmy Ciutu's Antique Armour Shoppe.
  2073 | D:3      | Reached XP level 5. HP: 23/36 MP: 5/5
  2092 | D:3      | HP: 1/36 [orc priest/nerve-wracking pain (5)]
  2096 | D:3      | Slain by an orc wizard

Illustrated notes

Levels and vault maps discovered:
D:1:      minmay_arrival_hallway, layout_loops_corners, basic_ecumenical_altar,
          minmay_unequal
D:2:      layout_loops_ring, uniq_jessica
D:3:      layout_basic, serial_shops, nicolae_shop_advertising_works
          [nicolae_subvault_shop_adworks], minmay_shallow_snake_nest,
          uniq_natasha

Skill      XL: |  1  2  3  4 |
---------------+-------------+-----
Stealth        | 6 |  6.8
Fighting       | 3 |  3.5
Short Blades   | 3 |  3.5
Throwing       | |  2.0
Dodging        | |  1.0

Action                   |  1- 3 |  4- 6 || total
-------------------------+-------+-------++-------
Melee: Dagger            |    37 |    28 ||    65
       Constrict         |     7 |     5 ||    12
       Tentacles         |     5 |     8 ||    13
  Use: Scroll            |     1 |       ||     1
 Stab: Sleeping          |    11 |     8 ||    19
Armor: Skin              |     7 |     1 ||     8
Dodge: Dodged            |    12 |     6 ||    18
